Sharks vs Panthers

Created - 28 février 2018 at 18:39

Goals
1 2 3 OT1 T
Sharks 1 2 0 0 3
Panthers 1 1 1 1 4
Shots
1 2 3 OT1 T
Sharks 11 15 5 0 31
Panthers 10 16 10 1 37

1st period

1. Sharks , Jonathan Huberdeau 25 (Sidney Crosby 44, Patric Hornqvist 17) at 16:57 (PP)
2. Panthers , Martin Hanzal 16 (Mats Zuccarello 37, Taylor Hall 27) at 19:34

Penalties :
Martin Hanzal (FLA) for Interference (Minor) at 0:13, Brian Campbell (FLA) for Holding (Minor) at 16:02

2nd period

3. Sharks , Gabriel Landeskog 7 (Jonathan Drouin 29, Sidney Crosby 45) at 2:45
4. Sharks , Teuvo Teravainen 14 (Patric Hornqvist 18, Zach Werenski 13) at 13:11
5. Panthers , Andrew Ladd 10 (J.T. Miller 24) at 16:52

Penalties :
No Penalty

3rd period

6. Panthers , J.T. Miller 25 (Tomas Plekanec 19) at 1:44

Penalties :
Braydon Coburn (SJS) for Kneeing (Minor) at 4:41, Patric Hornqvist (SJS) for Tripping (Minor) at 8:40

Overtime #1

7. Panthers , J.T. Miller 26 (Tomas Plekanec 20) at 0:06

Penalties :
No Penalty

Goalie Stats

Jake Allen (SJS), 33 saves from 37 shots - (0,892), OTL, 26-11-3, 60:06 minutes
Pekka Rinne (FLA), 28 saves from 31 shots - (0,903), W, 17-16-1, 60:06 minutes

Players Stats for Sharks

Player Name              G  A  P  +/- PIM S  H  SB GA TA FO     MP     PP MP  PK MP  
------------------------------------------------------------------------------------
Alex Pietrangelo         0  0  0  -2  0   3  0  1  1  2  0/0    23:39   2:02   2:35 
Boone Jenner             0  0  0   0  0   1  3  0  0  0  1/5    14:21   0:04   1:08 
Braydon Coburn           0  0  0  -2  2   3  0  1  0  1  0/0    21:55   2:02   1:15 
Brian Gibbons            0  0  0  -1  0   0  0  0  0  0  3/3     9:06   0:00   1:08 
Colton Sceviour          0  0  0  -1  0   2  2  0  0  0  4/7    10:01   0:00   2:28 
Dan Girardi              0  0  0  -1  0   0  4  1  0  0  0/0    20:15   0:00   2:15 
Dylan Larkin             0  0  0   0  0   1  0  0  3  0  6/20   17:34   0:54   0:00 
Gabriel Landeskog        1  0  1  -1  0   2  3  1  0  1  1/2    18:25   0:58   0:00 
Jonathan Drouin          0  1  1   0  0   3  1  0  0  0  1/1    18:24   0:54   0:11 
Jonathan Huberdeau       1  0  1   0  0   5  1  0  1  0  0/0    14:19   1:56   0:45 
Justin Braun             0  0  0  -2  0   2  0  1  0  3  0/0    20:35   0:52   1:42 
Mikkel Boedker           0  0  0   0  0   1  0  0  0  0  0/0    12:54   0:00   0:51 
Patric Hornqvist         0  2  2   0  2   0  3  0  1  0  2/2    17:59   1:56   0:00 
Sidney Crosby            0  2  2  -1  0   1  1  2  1  0  8/20   19:23   1:56   0:00 
Steve Bernier            0  0  0  -1  0   1  2  2  0  0  0/0     7:58   0:00   1:25 
Teuvo Teravainen         1  0  1   0  0   4  0  0  0  0  0/0    15:48   0:04   0:00 
Tyson Barrie             0  0  0   2  0   0  0  1  1  0  0/0    16:58   0:52   0:00 
Zach Werenski            0  1  1   2  0   2  0  1  0  1  0/0    16:44   0:00   0:09 

Players Stats for Panthers

Player Name              G  A  P  +/- PIM S  H  SB GA TA FO     MP     PP MP  PK MP  
------------------------------------------------------------------------------------
Adam McQuaid             0  0  0   0  0   0  3  0  0  0  0/0    18:23   1:33   1:48 
Alec Martinez            0  0  0   1  0   3  1  4  0  0  0/0    26:33   2:25   1:06 
Ales Hemsky              0  0  0   0  0   2  0  0  1  0  1/2    15:29   1:46   0:00 
Andrew Ladd              1  0  1   1  0   3  1  0  0  0  1/2    15:57   1:46   0:47 
Brian Campbell           0  0  0   1  2   0  1  2  0  0  0/0    15:13   0:00   0:00 
Corey Tropp              0  0  0   0  0   1  0  0  0  0  0/0    10:09   0:00   0:56 
J.T. Miller              2  1  3   2  0   4  5  0  1  0  2/4    15:34   2:12   0:00 
Jakub Kindl              0  0  0   1  0   0  1  0  0  1  0/0    16:12   0:00   1:06 
Jannik Hansen            0  0  0   0  0   3  0  0  0  0  0/0     9:03   0:00   0:16 
Jay Bouwmeester          0  0  0   0  0   1  2  0  0  4  0/0    22:18   2:25   1:48 
Josh Jooris              0  0  0   0  0   5  4  0  0  0  0/0    14:23   0:00   0:48 
Kyle Brodziak            0  0  0   0  0   0  0  0  1  1  9/14   15:10   0:00   1:54 
Martin Hanzal            1  0  1   0  2   2  1  0  1  0  8/13   18:16   0:00   0:55 
Mats Zuccarello          0  1  1   0  0   4  1  0  1  1  0/3    19:34   2:12   0:00 
Matt Greene              0  0  0   0  0   2  2  0  0  1  0/0    21:26   1:33   0:00 
Ryan White               0  0  0   0  0   0  1  0  0  0  1/5     8:59   0:00   0:12 
Taylor Hall              0  1  1   0  0   6  2  0  2  0  1/3    19:34   2:12   0:00 
Tomas Plekanec           0  2  2   2  0   1  2  0  1  0  11/14  15:09   1:46   0:00 

3 Stars

1 - J.T. Miller (FLA)
2 - Tomas Plekanec (FLA)
3 - Andrew Ladd (FLA)

Power Play

Sharks - 1 on 2 Attempt(s) - 50,00%
Panthers - 0 on 2 Attempt(s) - 0,00%

Penalty Kill

Sharks - 2 on 2 Attempt(s) - 100,00% - Score 0 goal in Penalty Kill
Panthers - 1 on 2 Attempt(s) - 50,00% - Score 0 goal in Penalty Kill

Team Stat

Sharks - Hits : 20 - Faceoff Wins : 26 - Blocked Shots : 11 - Penalty Minutes : 4
Panthers - Hits : 27 - Faceoff Wins : 34 - Blocked Shots : 6 - Penalty Minutes : 4

Official

Referees : Frederick L'Ecuyer and Chris Lee
Linesman : Darren Gibbs and Jay Sharrers

Game Notes

Steve Bernier is injured at 8:56 of 3rd period (Left Forearm)

Finance

Level 1 -- Attendance: 4809 (80,15%) -- Ticket Income 480 900 $
Level 2 -- Attendance: 4718 (94,36%) -- Ticket Income 283 080 $
Level 3 -- Attendance: 2000 (100,00%) -- Ticket Income 70 000 $
Level 4 -- Attendance: 4000 (100,00%) -- Ticket Income 80 000 $
Luxury Box -- Attendance: 701 (70,10%) -- Ticket Income 140 200 $
Game was played at the Sunrise Arena.
Total Attendance: 16228 (90,16%)
Total Ticket Income: 1 054 180 $
Other Income: 516 548 $
Total Income: 1 570 728 $

Sharks

5 vs 5 Forward 
   Center                   Left Wing                Right Wing               Time % Phy DF OF 
 1 Sidney Crosby            Gabriel Landeskog        Jonathan Drouin          36     0   1  4  
 2 Dylan Larkin             Patric Hornqvist         Teuvo Teravainen         34     0   1  4  
 3 Boone Jenner             Jonathan Huberdeau       Mikkel Boedker           25     0   1  4  
 4 Colton Sceviour          Brian Gibbons            Steve Bernier            5      0   1  4  

5 vs 5 Defense 
   Defense                  Defense                                           Time % Phy DF OF 
 1 Alex Pietrangelo         Braydon Coburn                                    36     0   1  4  
 2 Justin Braun             Dan Girardi                                       34     0   1  4  
 3 Zach Werenski            Tyson Barrie                                      30     0   1  4  
 4 Alex Pietrangelo         Braydon Coburn                                    0      0   1  4  

PowerPlay Forward 
   Center                   Left Wing                Right Wing               Time % Phy DF OF 
 1 Sidney Crosby            Jonathan Huberdeau       Patric Hornqvist         55     0   1  4  
 2 Dylan Larkin             Jonathan Drouin          Gabriel Landeskog        45     0   1  4  

PowerPlay Defense
   Defense                  Defense                                           Time % Phy DF OF 
 1 Alex Pietrangelo         Braydon Coburn                                    55     0   1  4  
 2 Justin Braun             Tyson Barrie                                      45     0   1  4  

Penalty Kill 4 Players Forward 
   Center                   Wing                     Time % Phy DF OF 
 1 Colton Sceviour          Steve Bernier            55     0   5  0  
 2 Boone Jenner             Brian Gibbons            45     0   5  0  

Penalty Kill 4 Players Defense
   Defense                  Defense                  Time % Phy DF OF 
 1 Alex Pietrangelo         Braydon Coburn           55     0   5  0  
 2 Justin Braun             Dan Girardi              45     0   5  0  

Penalty Kill - 3 Players Forward 
   Forward                                           Time % Phy DF OF 
 1 Colton Sceviour                                   55     1   4  0  
 2 Steve Bernier                                     45     1   4  0  

Penalty Kill - 3 Players Defense
   Defense                  Defense                  Time % Phy DF OF 
 1 Alex Pietrangelo         Braydon Coburn           55     1   4  0  
 2 Justin Braun             Dan Girardi              45     1   4  0  

4 vs 4 Forward 
   Center                   Wing                     Time % Phy DF OF 
 1 Dylan Larkin             Jonathan Drouin          55     1   2  2  
 2 Colton Sceviour          Steve Bernier            45     1   2  2  

4 vs 4 Defense
   Defense                  Defense                  Time % Phy DF OF 
 1 Alex Pietrangelo         Braydon Coburn           55     1   2  2  
 2 Justin Braun             Dan Girardi              45     1   2  2  

Last Minutes Offensive
   Center                   Left Wing                Right Wing               Defense                  Defense                  
   Sidney Crosby            Gabriel Landeskog        Jonathan Drouin          Justin Braun             Alex Pietrangelo         

Last Minutes Defensive
   Center                   Left Wing                Right Wing               Defense                  Defense                  
   Sidney Crosby            Gabriel Landeskog        Jonathan Drouin          Justin Braun             Alex Pietrangelo         

Goaltenders
Starting : Jake Allen               
Backup : Joonas Korpisalo         

Extra Forwards
Normal : Boone Jenner, Dylan Larkin, Mikkel Boedker - PP : Boone Jenner, Dylan Larkin - PK : Mikkel Boedker
Extra Defensemen
Normal : Zach Werenski, Dan Girardi, Justin Braun - PP : Zach Werenski - PK : Dan Girardi, Justin Braun
Penalty Shots
Sidney Crosby, Gabriel Landeskog, Jonathan Huberdeau, Jonathan Drouin, Patric Hornqvist
Custom OT Lines Forwards
Sidney Crosby, Gabriel Landeskog, Jonathan Huberdeau, Jonathan Drouin, Patric Hornqvist, Boone Jenner, Teuvo Teravainen, Dylan Larkin, Mikkel Boedker, Colton Sceviour
Custom OT Lines Defensemen
Justin Braun, Braydon Coburn, Tyson Barrie, Dan Girardi, Zach Werenski

Scratches
Mark Borowiecki (Healthy), Kenny Agostino (Healthy)

Panthers

5 vs 5 Forward 
   Center                   Left Wing                Right Wing               Time % Phy DF OF 
 1 Martin Hanzal            Taylor Hall              Mats Zuccarello          35     0   3  2  
 2 Tomas Plekanec           Andrew Ladd              J.T. Miller              28     0   4  1  
 3 Kyle Brodziak            Josh Jooris              Ales Hemsky              27     0   5  0  
 4 Ryan White               Corey Tropp              Jannik Hansen            10     0   5  0  

5 vs 5 Defense 
   Defense                  Defense                                           Time % Phy DF OF 
 1 Alec Martinez            Jay Bouwmeester                                   35     0   5  0  
 2 Matt Greene              Adam McQuaid                                      30     0   5  0  
 3 Brian Campbell           Jakub Kindl                                       20     0   5  0  
 4 Alec Martinez            Matt Greene                                       15     1   4  0  

PowerPlay Forward 
   Center                   Left Wing                Right Wing               Time % Phy DF OF 
 1 J.T. Miller              Taylor Hall              Mats Zuccarello          60     0   0  5  
 2 Tomas Plekanec           Andrew Ladd              Ales Hemsky              40     0   0  5  

PowerPlay Defense
   Defense                  Defense                                           Time % Phy DF OF 
 1 Alec Martinez            Jay Bouwmeester                                   60     0   2  3  
 2 Matt Greene              Adam McQuaid                                      40     0   3  2  

Penalty Kill 4 Players Forward 
   Center                   Wing                     Time % Phy DF OF 
 1 Kyle Brodziak            Martin Hanzal            60     0   5  0  
 2 Josh Jooris              Corey Tropp              40     0   5  0  

Penalty Kill 4 Players Defense
   Defense                  Defense                  Time % Phy DF OF 
 1 Adam McQuaid             Jay Bouwmeester          60     0   5  0  
 2 Jakub Kindl              Alec Martinez            40     0   5  0  

Penalty Kill - 3 Players Forward 
   Forward                                           Time % Phy DF OF 
 1 Tomas Plekanec                                    60     0   5  0  
 2 Martin Hanzal                                     40     0   5  0  

Penalty Kill - 3 Players Defense
   Defense                  Defense                  Time % Phy DF OF 
 1 Matt Greene              Alec Martinez            60     0   5  0  
 2 Jakub Kindl              Adam McQuaid             40     0   5  0  

4 vs 4 Forward 
   Center                   Wing                     Time % Phy DF OF 
 1 Martin Hanzal            Mats Zuccarello          60     0   2  3  
 2 Tomas Plekanec           Taylor Hall              40     0   3  2  

4 vs 4 Defense
   Defense                  Defense                  Time % Phy DF OF 
 1 Jay Bouwmeester          Adam McQuaid             60     0   5  0  
 2 Jakub Kindl              Alec Martinez            40     0   5  0  

Last Minutes Offensive
   Center                   Left Wing                Right Wing               Defense                  Defense                  
   Tomas Plekanec           Mats Zuccarello          J.T. Miller              Jakub Kindl              Alec Martinez            

Last Minutes Defensive
   Center                   Left Wing                Right Wing               Defense                  Defense                  
   Kyle Brodziak            Mats Zuccarello          J.T. Miller              Jay Bouwmeester          Adam McQuaid             

Goaltenders
Starting : Pekka Rinne              
Backup : Carter Hutton            

Extra Forwards
Normal : Taylor Hall, Josh Jooris, Corey Tropp - PP : Taylor Hall, Josh Jooris - PK : Corey Tropp
Extra Defensemen
Normal : Jakub Kindl, Matt Greene, Brian Campbell - PP : Jakub Kindl - PK : Matt Greene, Brian Campbell
Penalty Shots
Taylor Hall, Mats Zuccarello, J.T. Miller, Tomas Plekanec, Andrew Ladd
Custom OT Lines Forwards
Taylor Hall, Mats Zuccarello, Tomas Plekanec, J.T. Miller, Andrew Ladd, Martin Hanzal, Jannik Hansen, Josh Jooris, Corey Tropp, Ryan White
Custom OT Lines Defensemen
Alec Martinez, Jakub Kindl, Brian Campbell, Adam McQuaid, Jay Bouwmeester

Scratches
Devante Smith-Pelly (Bruised Right Arm Injury), Matt Moulson (Healthy), Nathan Beaulieu (Sprained Left Ankle Injury)

% Time on Ice - Sharks

Lines # - Real PCT - Wanted PCT - Time Play
Normal Forward
1 - 34% - 36% - 17:49
2 - 30% - 34% - 16:09
3 - 22% - 25% - 11:37
4 - 14% - 5% - 7:33
Normal Defense
1 - 36% - 36% - 19:02
2 - 34% - 34% - 17:55
3 - 30% - 30% - 16:11
4 - 0% - 0% - 0:00
PP Forward
1 - 67% - 55% - 1:56
2 - 33% - 45% - 0:58
PP Defense
1 - 70% - 55% - 2:02
2 - 30% - 45% - 0:52
PK Forward
1 - 71% - 55% - 2:50
2 - 29% - 45% - 1:08
PK Defense
1 - 82% - 55% - 3:14
2 - 18% - 45% - 0:44
PK3 Forward
1 - 0% - 55%
2 - 0% - 45%
PK3 Defense
1 - 0% - 55%
2 - 0% - 45%
44 Forward
1 - 0% - 55%
2 - 0% - 45%
44 Defense
1 - 0% - 55%
2 - 0% - 45%
Last Minute Offensive  - 0:00
Last Minute Defensive  - 0:00
Total
Forward - 60:00
Defense - 60:00

% Time on Ice - Panthers

Lines # - Real PCT - Wanted PCT - Time Play
Normal Forward
1 - 34% - 35% - 17:48
2 - 25% - 28% - 13:17
3 - 25% - 27% - 13:16
4 - 17% - 10% - 8:47
Normal Defense
1 - 34% - 35% - 18:01
2 - 28% - 30% - 14:48
3 - 28% - 20% - 14:42
4 - 11% - 15% - 5:37
PP Forward
1 - 55% - 60% - 2:12
2 - 45% - 40% - 1:46
PP Defense
1 - 61% - 60% - 2:25
2 - 39% - 40% - 1:33
PK Forward
1 - 72% - 60% - 2:06
2 - 28% - 40% - 0:48
PK Defense
1 - 62% - 60% - 1:48
2 - 38% - 40% - 1:06
PK3 Forward
1 - 0% - 60%
2 - 0% - 40%
PK3 Defense
1 - 0% - 60%
2 - 0% - 40%
44 Forward
1 - 0% - 60%
2 - 0% - 40%
44 Defense
1 - 0% - 60%
2 - 0% - 40%
Last Minute Offensive  - 0:00
Last Minute Defensive  - 0:00
Total
Forward - 60:00
Defense - 60:00

Play by Play

1st period


0:01 of 1st period - Jonathan Drouin wins face-off versus Mats Zuccarello in neutral zone.
0:13 of 1st period - Minor Penalty to Martin Hanzal for Interference.
0:14 of 1st period - Sidney Crosby wins face-off versus Kyle Brodziak in Panthers zone.
0:44 of 1st period - Snap shot by Jonathan Drouin.
0:44 of 1st period - Shot Misses the Net.
2:13 of 1st period - Penalty to Martin Hanzal is over, Martin Hanzal is back on ice.
3:54 of 1st period - Slapshot by Taylor Hall.
3:54 of 1st period - Shot Misses the Net.
4:51 of 1st period - Justin Braun is hit by Martin Hanzal and loses puck.
5:02 of 1st period - Justin Braun is hit by Alec Martinez and loses puck.
5:13 of 1st period - Kyle Brodziak is hit by Dan Girardi and loses puck.
5:20 of 1st period - Boone Jenner is hit by Adam McQuaid and loses puck.
6:04 of 1st period - Steve Bernier is hit by J.T. Miller and loses puck.
7:06 of 1st period - Wrist shot by Jannik Hansen.
7:06 of 1st period - Stopped by Jake Allen without a rebound.
7:07 of 1st period - Tomas Plekanec wins face-off versus Dylan Larkin in Sharks zone.
7:18 of 1st period - Jay Bouwmeester is hit by Patric Hornqvist and loses puck.
7:25 of 1st period - Alec Martinez is hit by Patric Hornqvist and loses puck.
7:40 of 1st period - Icing by Josh Jooris.
7:41 of 1st period - Kyle Brodziak wins face-off versus Sidney Crosby in Panthers zone.
8:04 of 1st period - Slapshot by Ales Hemsky.
8:04 of 1st period - Stopped by Jake Allen without a rebound.
8:05 of 1st period - Martin Hanzal wins face-off versus Dylan Larkin in Sharks zone.
8:32 of 1st period - Boone Jenner is hit by Brian Campbell.
8:40 of 1st period - Slapshot by J.T. Miller.
8:40 of 1st period - Shot Misses the Net.
9:13 of 1st period - Steve Bernier is hit by Matt Greene and loses puck.
10:07 of 1st period - Dan Girardi is hit by J.T. Miller and loses puck.
11:21 of 1st period - Snap shot by Jonathan Huberdeau.
11:21 of 1st period - Shot Misses the Net.
11:23 of 1st period - Wrist shot by Boone Jenner.
11:23 of 1st period - Shot Misses the Net.
11:25 of 1st period - Slapshot by Braydon Coburn.
11:25 of 1st period - Shot Blocked by Brian Campbell.
11:27 of 1st period - Slapshot by Alex Pietrangelo.
11:27 of 1st period - Stopped by Pekka Rinne without a rebound.
11:28 of 1st period - Martin Hanzal wins face-off versus Sidney Crosby in Panthers zone.
11:28 of 1st period - Martin Hanzal is hit by Gabriel Landeskog.
12:39 of 1st period - Dan Girardi is hit by Ryan White and loses puck.
12:50 of 1st period - Icing by Alex Pietrangelo.
12:51 of 1st period - Sidney Crosby wins face-off versus Martin Hanzal in Sharks zone.
12:51 of 1st period - Sidney Crosby is hit by Taylor Hall.
13:20 of 1st period - Snap shot by Jonathan Drouin.
13:20 of 1st period - Stopped by Pekka Rinne with a rebound.
13:36 of 1st period - Snap shot by Taylor Hall.
13:36 of 1st period - Shot Blocked by Alex Pietrangelo.
13:38 of 1st period - Wrist shot by Taylor Hall.
13:38 of 1st period - Shot Misses the Net.
13:40 of 1st period - Snap shot by Taylor Hall.
13:40 of 1st period - Shot Misses the Net.
13:58 of 1st period - Wrist shot by Taylor Hall.
13:58 of 1st period - Stopped by Jake Allen with a rebound.
14:00 of 1st period - Slapshot by Alec Martinez.
14:00 of 1st period - Shot Misses the Net.
14:04 of 1st period - Snap shot by Taylor Hall.
14:04 of 1st period - Deflect By Martin Hanzal.
14:04 of 1st period - Shot Blocked by Sidney Crosby.
14:04 of 1st period - Puck is out of play.
14:05 of 1st period - Tomas Plekanec wins face-off versus Dylan Larkin in Sharks zone.
14:35 of 1st period - Wrist shot by Jonathan Huberdeau.
14:35 of 1st period - Stopped by Pekka Rinne with a rebound.
14:37 of 1st period - Snap shot by Boone Jenner.
14:37 of 1st period - Stopped by Pekka Rinne without a rebound.
14:38 of 1st period - Tomas Plekanec wins face-off versus Boone Jenner in Panthers zone.
15:23 of 1st period - Icing by Tyson Barrie.
15:24 of 1st period - Patric Hornqvist wins face-off versus Ryan White in Sharks zone.
15:31 of 1st period - Snap shot by Corey Tropp.
15:31 of 1st period - Stopped by Jake Allen with a rebound.
15:33 of 1st period - Slapshot by Ryan White.
15:33 of 1st period - Shot Hit the Post.
15:35 of 1st period - Snap shot by Corey Tropp.
15:35 of 1st period - Shot Blocked by Steve Bernier.
15:51 of 1st period - Slapshot by Taylor Hall.
15:51 of 1st period - Stopped by Jake Allen with a rebound.
15:53 of 1st period - Snap shot by Matt Greene.
15:53 of 1st period - Stopped by Jake Allen without a rebound.
15:54 of 1st period - Dylan Larkin wins face-off versus Tomas Plekanec in Sharks zone.
15:54 of 1st period - Dylan Larkin is hit by Jakub Kindl.
15:57 of 1st period - Icing by Teuvo Teravainen.
15:58 of 1st period - Dylan Larkin wins face-off versus Tomas Plekanec in Sharks zone.
16:02 of 1st period - Minor Penalty to Brian Campbell for Holding.
16:03 of 1st period - Sidney Crosby wins face-off versus Kyle Brodziak in Panthers zone.
16:07 of 1st period - Snap shot by Jonathan Huberdeau.
16:07 of 1st period - Stopped by Pekka Rinne with a rebound.
16:09 of 1st period - Slapshot by Alex Pietrangelo.
16:09 of 1st period - Deflect By Jonathan Huberdeau.
16:09 of 1st period - Shot Misses the Net.
16:09 of 1st period - Puck is out of play.
16:10 of 1st period - Kyle Brodziak wins face-off versus Sidney Crosby in Panthers zone.
16:23 of 1st period - Slapshot by Alex Pietrangelo.
16:23 of 1st period - Deflect By Sidney Crosby.
16:23 of 1st period - Shot Misses the Net.
16:23 of 1st period - Puck is out of play.
16:24 of 1st period - Sidney Crosby wins face-off versus Kyle Brodziak in Panthers zone.
16:31 of 1st period - Snap shot by Sidney Crosby.
16:31 of 1st period - Stopped by Pekka Rinne without a rebound.
16:32 of 1st period - Kyle Brodziak wins face-off versus Sidney Crosby in Panthers zone.
16:55 of 1st period - Snap shot by Sidney Crosby.
16:55 of 1st period - Shot Misses the Net.
16:57 of 1st period - Wrist shot by Jonathan Huberdeau.
16:57 of 1st period - Goal by Jonathan Huberdeau - Sharks : 1 - Panthers : 0.
16:58 of 1st period - Martin Hanzal wins face-off versus Dylan Larkin in neutral zone.
17:01 of 1st period - Slapshot by Mats Zuccarello.
17:01 of 1st period - Shot Blocked by Braydon Coburn.
17:46 of 1st period - Matt Greene is hit by Dan Girardi and loses puck.
18:05 of 1st period - Slapshot by Tyson Barrie.
18:05 of 1st period - Shot Misses the Net.
18:07 of 1st period - Snap shot by Steve Bernier.
18:07 of 1st period - Stopped by Pekka Rinne with a rebound.
18:09 of 1st period - Slapshot by Colton Sceviour.
18:09 of 1st period - Stopped by Pekka Rinne without a rebound.
18:10 of 1st period - Colton Sceviour wins face-off versus Martin Hanzal in Panthers zone.
18:11 of 1st period - Slapshot by Alex Pietrangelo.
18:11 of 1st period - Stopped by Pekka Rinne without a rebound.
18:12 of 1st period - Patric Hornqvist wins face-off versus Taylor Hall in Panthers zone.
18:19 of 1st period - Snap shot by Teuvo Teravainen.
18:19 of 1st period - Stopped by Pekka Rinne with a rebound.
19:19 of 1st period - Alex Pietrangelo is hit by Josh Jooris and loses puck.
19:26 of 1st period - Snap shot by Kyle Brodziak.
19:26 of 1st period - Deflect By Ales Hemsky.
19:26 of 1st period - Shot Misses the Net.
19:26 of 1st period - Puck is out of play.
19:27 of 1st period - Martin Hanzal wins face-off versus Dylan Larkin in Sharks zone.
19:28 of 1st period - Snap shot by Taylor Hall.
19:28 of 1st period - Stopped by Jake Allen with a rebound.
19:30 of 1st period - Slapshot by Alec Martinez.
19:30 of 1st period - Stopped by Jake Allen with a rebound.
19:32 of 1st period - Snap shot by Taylor Hall.
19:32 of 1st period - Deflect By Mats Zuccarello.
19:32 of 1st period - Stopped by Jake Allen with a rebound.
19:34 of 1st period - Snap shot by Martin Hanzal.
19:34 of 1st period - Goal by Martin Hanzal - Sharks : 1 - Panthers : 1.
19:35 of 1st period - Martin Hanzal wins face-off versus Dylan Larkin in neutral zone.
19:56 of 1st period - Taylor Hall is hit by Dan Girardi and loses puck.
Goals for this period are 1 for Sharks vs 1 for Panthers.
Shots for this period are 11 for Sharks vs 10 for Panthers.

2nd period


0:01 of 2nd period - Tomas Plekanec wins face-off versus Sidney Crosby in neutral zone.
0:17 of 2nd period - Snap shot by Sidney Crosby.
0:17 of 2nd period - Shot Misses the Net.
0:27 of 2nd period - Teuvo Teravainen is hit by Josh Jooris and loses puck.
1:34 of 2nd period - Andrew Ladd is hit by Gabriel Landeskog.
1:38 of 2nd period - Snap shot by Alec Martinez.
1:38 of 2nd period - Stopped by Jake Allen without a rebound.
1:39 of 2nd period - Gabriel Landeskog wins face-off versus Tomas Plekanec in Sharks zone.
2:03 of 2nd period - Brian Campbell is hit by Gabriel Landeskog and loses puck.
2:43 of 2nd period - Backhand shot by Jonathan Drouin.
2:43 of 2nd period - Shot Misses the Net.
2:45 of 2nd period - Snap shot by Gabriel Landeskog.
2:45 of 2nd period - Goal by Gabriel Landeskog - Sharks : 2 - Panthers : 1.
2:46 of 2nd period - Dylan Larkin wins face-off versus Mats Zuccarello in neutral zone.
3:11 of 2nd period - Mats Zuccarello is hit by Dan Girardi and loses puck.
3:16 of 2nd period - Snap shot by Colton Sceviour.
3:16 of 2nd period - Stopped by Pekka Rinne without a rebound.
3:17 of 2nd period - Brian Gibbons wins face-off versus Kyle Brodziak in Panthers zone.
3:46 of 2nd period - Snap shot by Dylan Larkin.
3:46 of 2nd period - Shot Misses the Net.
4:53 of 2nd period - Wrist shot by Ales Hemsky.
4:53 of 2nd period - Shot Misses the Net.
4:55 of 2nd period - Slapshot by Josh Jooris.
4:55 of 2nd period - Stopped by Jake Allen with a rebound.
5:07 of 2nd period - Slapshot by Teuvo Teravainen.
5:07 of 2nd period - Stopped by Pekka Rinne without a rebound.
5:08 of 2nd period - Ryan White wins face-off versus Dylan Larkin in Panthers zone.
5:13 of 2nd period - Slapshot by Ryan White.
5:13 of 2nd period - Deflect By Jannik Hansen.
5:13 of 2nd period - Shot Misses the Net.
5:13 of 2nd period - Puck is out of play.
5:14 of 2nd period - Dylan Larkin wins face-off versus Martin Hanzal in Sharks zone.
6:29 of 2nd period - Icing by Alex Pietrangelo.
6:30 of 2nd period - Taylor Hall wins face-off versus Colton Sceviour in Sharks zone.
6:43 of 2nd period - Slapshot by Alex Pietrangelo.
6:43 of 2nd period - Deflect By Martin Hanzal.
6:43 of 2nd period - Stopped by Pekka Rinne without a rebound.
6:44 of 2nd period - Kyle Brodziak wins face-off versus Dylan Larkin in Panthers zone.
6:57 of 2nd period - Snap shot by Dylan Larkin.
6:57 of 2nd period - Shot Blocked by Alec Martinez.
7:09 of 2nd period - Jay Bouwmeester is hit by Jonathan Huberdeau and loses puck.
8:06 of 2nd period - Slapshot by Zach Werenski.
8:06 of 2nd period - Stopped by Pekka Rinne without a rebound.
8:07 of 2nd period - Kyle Brodziak wins face-off versus Dylan Larkin in Panthers zone.
8:07 of 2nd period - Kyle Brodziak is hit by Patric Hornqvist.
8:33 of 2nd period - Mikkel Boedker is hit by Matt Greene.
8:41 of 2nd period - Icing by Braydon Coburn.
8:42 of 2nd period - Boone Jenner wins face-off versus Andrew Ladd in Sharks zone.
8:49 of 2nd period - Boone Jenner is hit by Andrew Ladd and loses puck.
9:08 of 2nd period - Wrist shot by Taylor Hall.
9:08 of 2nd period - Stopped by Jake Allen with a rebound.
9:10 of 2nd period - Slapshot by Mats Zuccarello.
9:10 of 2nd period - Stopped by Jake Allen with a rebound.
9:12 of 2nd period - Slapshot by Jakub Kindl.
9:12 of 2nd period - Deflect By Taylor Hall.
9:12 of 2nd period - Deflect By Alex Pietrangelo.
9:12 of 2nd period - Shot Misses the Net.
9:12 of 2nd period - Puck is out of play.
9:13 of 2nd period - Kyle Brodziak wins face-off versus Dylan Larkin in Sharks zone.
9:16 of 2nd period - Wrist shot by Ales Hemsky.
9:16 of 2nd period - Stopped by Jake Allen without a rebound.
9:17 of 2nd period - Kyle Brodziak wins face-off versus Dylan Larkin in Sharks zone.
9:44 of 2nd period - Slapshot by Jonathan Drouin.
9:44 of 2nd period - Stopped by Pekka Rinne with a rebound.
9:46 of 2nd period - Snap shot by Dan Girardi.
9:46 of 2nd period - Shot Misses the Net.
9:48 of 2nd period - Wrist shot by Gabriel Landeskog.
9:48 of 2nd period - Stopped by Pekka Rinne with a rebound.
9:50 of 2nd period - Slapshot by Justin Braun.
9:50 of 2nd period - Stopped by Pekka Rinne with a rebound.
9:52 of 2nd period - Slapshot by Justin Braun.
9:52 of 2nd period - Shot Blocked by Alec Martinez.
10:12 of 2nd period - Wrist shot by Jonathan Huberdeau.
10:12 of 2nd period - Shot Blocked by Alec Martinez.
10:19 of 2nd period - Icing by J.T. Miller.
10:20 of 2nd period - Brian Gibbons wins face-off versus Ryan White in Panthers zone.
10:21 of 2nd period - Slapshot by Alex Pietrangelo.
10:21 of 2nd period - Shot Misses the Net.
10:27 of 2nd period - Ryan White is hit by Colton Sceviour.
10:37 of 2nd period - Jannik Hansen is hit by Steve Bernier.
10:52 of 2nd period - Snap shot by Teuvo Teravainen.
10:52 of 2nd period - Shot Misses the Net.
11:06 of 2nd period - Wrist shot by Jonathan Huberdeau.
11:06 of 2nd period - Stopped by Pekka Rinne with a rebound.
11:08 of 2nd period - Wrist shot by Jonathan Huberdeau.
11:08 of 2nd period - Shot Misses the Net.
11:10 of 2nd period - Slapshot by Zach Werenski.
11:10 of 2nd period - Stopped by Pekka Rinne without a rebound.
11:11 of 2nd period - Ales Hemsky wins face-off versus Boone Jenner in Panthers zone.
11:24 of 2nd period - Snap shot by Josh Jooris.
11:24 of 2nd period - Stopped by Jake Allen with a rebound.
11:26 of 2nd period - Slapshot by Brian Campbell.
11:26 of 2nd period - Shot Blocked by Dan Girardi.
11:38 of 2nd period - Icing by Martin Hanzal.
11:39 of 2nd period - Martin Hanzal wins face-off versus Dylan Larkin in Panthers zone.
11:54 of 2nd period - Snap shot by Taylor Hall.
11:54 of 2nd period - Stopped by Jake Allen with a rebound.
11:56 of 2nd period - Snap shot by Adam McQuaid.
11:56 of 2nd period - Shot Blocked by Zach Werenski.
12:06 of 2nd period - Wrist shot by Mats Zuccarello.
12:06 of 2nd period - Shot Misses the Net.
12:08 of 2nd period - Snap shot by Taylor Hall.
12:08 of 2nd period - Shot Misses the Net.
12:10 of 2nd period - Slapshot by Mats Zuccarello.
12:10 of 2nd period - Stopped by Jake Allen with a rebound.
12:12 of 2nd period - Snap shot by Martin Hanzal.
12:12 of 2nd period - Shot Misses the Net.
13:11 of 2nd period - Snap shot by Teuvo Teravainen.
13:11 of 2nd period - Goal by Teuvo Teravainen - Sharks : 3 - Panthers : 1.
13:12 of 2nd period - Tomas Plekanec wins face-off versus Sidney Crosby in neutral zone.
13:25 of 2nd period - Dan Girardi is hit by Adam McQuaid and loses puck.
13:45 of 2nd period - Snap shot by Josh Jooris.
13:45 of 2nd period - Stopped by Jake Allen with a rebound.
13:47 of 2nd period - Slapshot by Matt Greene.
13:47 of 2nd period - Stopped by Jake Allen with a rebound.
14:01 of 2nd period - Wrist shot by Jannik Hansen.
14:01 of 2nd period - Stopped by Jake Allen with a rebound.
14:39 of 2nd period - Alex Pietrangelo is hit by Josh Jooris and loses puck.
15:00 of 2nd period - Snap shot by Braydon Coburn.
15:00 of 2nd period - Deflect By Alec Martinez.
15:00 of 2nd period - Stopped by Pekka Rinne with a rebound.
15:10 of 2nd period - Slapshot by Sidney Crosby.
15:10 of 2nd period - Shot Misses the Net.
15:12 of 2nd period - Wrist shot by Jonathan Drouin.
15:12 of 2nd period - Stopped by Pekka Rinne with a rebound.
15:52 of 2nd period - Wrist shot by Martin Hanzal.
15:52 of 2nd period - Shot Misses the Net.
15:54 of 2nd period - Wrist shot by Martin Hanzal.
15:54 of 2nd period - Stopped by Jake Allen with a rebound.
16:04 of 2nd period - Jannik Hansen is hit by Boone Jenner and loses puck.
16:43 of 2nd period - Braydon Coburn is hit by Tomas Plekanec and loses puck.
16:50 of 2nd period - Wrist shot by Andrew Ladd.
16:50 of 2nd period - Stopped by Jake Allen with a rebound.
16:52 of 2nd period - Slapshot by Andrew Ladd.
16:52 of 2nd period - Goal by Andrew Ladd - Sharks : 3 - Panthers : 2.
16:53 of 2nd period - Sidney Crosby wins face-off versus Ales Hemsky in neutral zone.
17:27 of 2nd period - Snap shot by J.T. Miller.
17:27 of 2nd period - Stopped by Jake Allen with a rebound.
17:44 of 2nd period - Off-side.
17:45 of 2nd period - Kyle Brodziak wins face-off versus Gabriel Landeskog in neutral zone.
18:12 of 2nd period - Braydon Coburn is hit by Adam McQuaid and loses puck.
18:54 of 2nd period - Snap shot by Jay Bouwmeester.
18:54 of 2nd period - Stopped by Jake Allen with a rebound.
18:56 of 2nd period - Wrist shot by Ryan White.
18:56 of 2nd period - Shot Misses the Net.
19:38 of 2nd period - Adam McQuaid is hit by Boone Jenner and loses puck.
19:57 of 2nd period - Snap shot by Teuvo Teravainen.
19:57 of 2nd period - Deflect By Dylan Larkin.
19:57 of 2nd period - Stopped by Pekka Rinne with a rebound.
19:59 of 2nd period - Wrist shot by Braydon Coburn.
19:59 of 2nd period - Stopped by Pekka Rinne without a rebound.
Goals for this period are 2 for Sharks vs 1 for Panthers.
Shots for this period are 15 for Sharks vs 16 for Panthers.

3rd period


0:01 of 3rd period - Sidney Crosby wins face-off versus Taylor Hall in neutral zone.
0:26 of 3rd period - Martin Hanzal is hit by Boone Jenner and loses puck.
1:30 of 3rd period - Off-side.
1:31 of 3rd period - Brian Gibbons wins face-off versus Ryan White in neutral zone.
1:34 of 3rd period - Slapshot by Braydon Coburn.
1:34 of 3rd period - Stopped by Pekka Rinne with a rebound.
1:42 of 3rd period - Snap shot by Jannik Hansen.
1:42 of 3rd period - Stopped by Jake Allen without a rebound.
1:43 of 3rd period - Tomas Plekanec wins face-off versus Sidney Crosby in Sharks zone.
1:44 of 3rd period - Wrist shot by J.T. Miller.
1:44 of 3rd period - Goal by J.T. Miller - Sharks : 3 - Panthers : 3.
1:45 of 3rd period - Andrew Ladd wins face-off versus Sidney Crosby in neutral zone.
1:48 of 3rd period - Snap shot by Alec Martinez.
1:48 of 3rd period - Stopped by Jake Allen without a rebound.
1:49 of 3rd period - Tomas Plekanec wins face-off versus Sidney Crosby in Sharks zone.
2:05 of 3rd period - Alec Martinez is hit by Sidney Crosby and loses puck.
2:26 of 3rd period - Snap shot by Patric Hornqvist.
2:26 of 3rd period - Shot Misses the Net.
2:50 of 3rd period - Icing by Zach Werenski.
2:51 of 3rd period - Tomas Plekanec wins face-off versus Boone Jenner in Sharks zone.
3:00 of 3rd period - Snap shot by Mikkel Boedker.
3:00 of 3rd period - Stopped by Pekka Rinne with a rebound.
3:02 of 3rd period - Slapshot by Zach Werenski.
3:02 of 3rd period - Deflect By Boone Jenner.
3:02 of 3rd period - Shot Misses the Net.
3:02 of 3rd period - Puck is out of play.
3:03 of 3rd period - Martin Hanzal wins face-off versus Sidney Crosby in Panthers zone.
4:17 of 3rd period - Snap shot by Jonathan Drouin.
4:17 of 3rd period - Shot Misses the Net.
4:19 of 3rd period - Snap shot by Alex Pietrangelo.
4:19 of 3rd period - Deflect By Jonathan Drouin.
4:19 of 3rd period - Shot Blocked by Alec Martinez.
4:19 of 3rd period - Puck is out of play.
4:20 of 3rd period - Sidney Crosby wins face-off versus Ryan White in Panthers zone.
4:23 of 3rd period - Slapshot by Sidney Crosby.
4:23 of 3rd period - Shot Misses the Net.
4:41 of 3rd period - Minor Penalty to Braydon Coburn for Kneeing.
4:42 of 3rd period - J.T. Miller wins face-off versus Colton Sceviour in Sharks zone.
4:43 of 3rd period - Slapshot by Taylor Hall.
4:43 of 3rd period - Stopped by Jake Allen with a rebound.
5:17 of 3rd period - Wrist shot by Tomas Plekanec.
5:17 of 3rd period - Stopped by Jake Allen without a rebound.
5:18 of 3rd period - Colton Sceviour wins face-off versus J.T. Miller in Sharks zone.
5:32 of 3rd period - J.T. Miller is hit by Steve Bernier and loses puck.
5:52 of 3rd period - Justin Braun is hit by Jay Bouwmeester.
5:56 of 3rd period - Ales Hemsky is hit by Colton Sceviour and loses puck.
6:35 of 3rd period - Icing by Tomas Plekanec.
6:36 of 3rd period - Tomas Plekanec wins face-off versus Boone Jenner in Panthers zone.
6:41 of 3rd period - Penalty to Braydon Coburn is over, Braydon Coburn is back on ice.
7:11 of 3rd period - Snap shot by Jonathan Huberdeau.
7:11 of 3rd period - Shot Misses the Net.
7:43 of 3rd period - Snap shot by Mats Zuccarello.
7:43 of 3rd period - Stopped by Jake Allen without a rebound.
7:44 of 3rd period - Tomas Plekanec wins face-off versus Sidney Crosby in Sharks zone.
8:15 of 3rd period - Slapshot by Teuvo Teravainen.
8:15 of 3rd period - Stopped by Pekka Rinne with a rebound.
8:17 of 3rd period - Wrist shot by Justin Braun.
8:17 of 3rd period - Stopped by Pekka Rinne without a rebound.
8:18 of 3rd period - Martin Hanzal wins face-off versus Dylan Larkin in Panthers zone.
8:40 of 3rd period - Minor Penalty to Patric Hornqvist for Tripping.
8:41 of 3rd period - J.T. Miller wins face-off versus Colton Sceviour in Sharks zone.
8:56 of 3rd period - Wrist shot by Mats Zuccarello.
8:56 of 3rd period - Shot Blocked by Steve Bernier.
8:56 of 3rd period - Steve Bernier from Sharks is injured at 8:56 of 3rd period (Left Forearm).
8:57 of 3rd period - Colton Sceviour wins face-off versus Mats Zuccarello in Sharks zone.
9:24 of 3rd period - Colton Sceviour is hit by Tomas Plekanec and loses puck.
9:33 of 3rd period - Snap shot by Andrew Ladd.
9:33 of 3rd period - Stopped by Jake Allen without a rebound.
9:34 of 3rd period - Colton Sceviour wins face-off versus J.T. Miller in Sharks zone.
9:34 of 3rd period - Colton Sceviour is hit by Mats Zuccarello.
10:40 of 3rd period - Penalty to Patric Hornqvist is over, Patric Hornqvist is back on ice.
12:03 of 3rd period - Wrist shot by Dylan Larkin.
12:03 of 3rd period - Shot Blocked by Brian Campbell.
12:24 of 3rd period - Josh Jooris is hit by Jonathan Drouin and loses puck.
13:10 of 3rd period - Wrist shot by Jonathan Huberdeau.
13:10 of 3rd period - Stopped by Pekka Rinne without a rebound.
13:11 of 3rd period - Sidney Crosby wins face-off versus Martin Hanzal in Panthers zone.
13:45 of 3rd period - Wrist shot by Mikkel Boedker.
13:45 of 3rd period - Shot Misses the Net.
13:51 of 3rd period - Mikkel Boedker is hit by J.T. Miller.
14:41 of 3rd period - Brian Gibbons is hit by Taylor Hall and loses puck.
15:04 of 3rd period - Jonathan Huberdeau is hit by J.T. Miller and loses puck.
15:23 of 3rd period - Jonathan Drouin is hit by Jay Bouwmeester and loses puck.
15:42 of 3rd period - Icing by Matt Greene.
15:43 of 3rd period - Dylan Larkin wins face-off versus Kyle Brodziak in Panthers zone.
15:50 of 3rd period - Wrist shot by Josh Jooris.
15:50 of 3rd period - Stopped by Jake Allen without a rebound.
15:51 of 3rd period - Dylan Larkin wins face-off versus Martin Hanzal in Sharks zone.
16:40 of 3rd period - Slapshot by J.T. Miller.
16:40 of 3rd period - Stopped by Jake Allen with a rebound.
16:42 of 3rd period - Slapshot by Tomas Plekanec.
16:42 of 3rd period - Shot Blocked by Sidney Crosby.
16:44 of 3rd period - Snap shot by Alec Martinez.
16:44 of 3rd period - Shot Misses the Net.
16:46 of 3rd period - Snap shot by J.T. Miller.
16:46 of 3rd period - Shot Misses the Net.
16:48 of 3rd period - Slapshot by Alec Martinez.
16:48 of 3rd period - Shot Blocked by Justin Braun.
17:42 of 3rd period - Snap shot by Jakub Kindl.
17:42 of 3rd period - Shot Blocked by Tyson Barrie.
17:44 of 3rd period - Slapshot by Josh Jooris.
17:44 of 3rd period - Stopped by Jake Allen without a rebound.
17:45 of 3rd period - Kyle Brodziak wins face-off versus Dylan Larkin in Sharks zone.
17:46 of 3rd period - Wrist shot by Ales Hemsky.
17:46 of 3rd period - Shot Misses the Net.
18:31 of 3rd period - Slapshot by Taylor Hall.
18:31 of 3rd period - Shot Blocked by Gabriel Landeskog.
18:45 of 3rd period - Sidney Crosby is hit by J.T. Miller and loses puck.
19:36 of 3rd period - Mikkel Boedker is hit by Josh Jooris and loses puck.
Goals for this period are 0 for Sharks vs 1 for Panthers.
Shots for this period are 5 for Sharks vs 10 for Panthers.

Overtime #1


0:01 of 1st overtime period - Tomas Plekanec wins face-off versus Sidney Crosby in neutral zone.
0:06 of 1st overtime period - Snap shot by J.T. Miller.
0:06 of 1st overtime period - Goal by J.T. Miller - Sharks : 3 - Panthers : 4.
Goals for this period are 0 for Sharks vs 1 for Panthers.
Shots for this period are 0 for Sharks vs 1 for Panthers.